 Dungeon Crawl Stone Soup version 0.31.0-32-g396128a36d (webtiles) character file.

Game seed: 10340504215652325164

1188 suse60 the Ruffian (level 8, -2/79 HPs)
             Began as a Troll Gladiator on Apr 2, 2024.
             Slain by Pikel
             ... wielding a +2 whip of electrocution
              (8 damage)
             ... on level 4 of the Dungeon.
             The game lasted 00:22:34 (3262 turns).

suse60 the Ruffian (Troll Gladiator)                Turns: 3262, Time: 00:22:35

Health: -2/79      AC:  4    Str: 25    XL:     8   Next: 19%
Magic:  7/7        EV: 11    Int:  4    God:
Gold:   177        SH:  0    Dex: 11    Spells: 7/7 levels left

rFire   . . .        u - +6 shillelagh "Devastator" {shatter}
rCold   . . .        (no shield)
rNeg    . . .        a - +0 robe
rPois   .            b - +0 hat
rElec   .            (no cloak)
rCorr   .            (gloves unavailable)
SInv    .            (boots unavailable)
Will    .....        (no amulet)
Stlth   +            (no ring)
HPRegen 1.13/turn    (no ring)
MPRegen 0.10/turn

%: no passive effects
@: no status effects
A: large, unfitting armour, claws 3, regeneration 1, shaggy fur 1, tough skin 1
a: no special abilities


You were on level 4 of the Dungeon.
You visited 1 branch of the dungeon, and saw 5 of its levels.
You also visited: Sewer.

You collected 177 gold pieces.

Inventory:

Hand Weapons
 u - the +6 shillelagh "Devastator" (weapon) {shatter}
   (You found it on level 5 of the Dungeon)
Missiles
 c - 3 throwing nets
 j - 6 curare-tipped darts
Armour
 a - a +0 robe (worn)
 b - a +0 hat (worn)
Jewellery
 d - a ring of protection from cold
Wands
 t - a wand of flame (23)
Scrolls
 v - a scroll of identify
 w - a scroll of enchant armour {unknown}
Potions
 e - a potion of cancellation {unknown}
 f - a potion of curing {unknown}
 g - a potion of attraction {unknown}
 h - 2 potions of lignification
 i - a potion of resistance {unknown}
 k - a potion of haste {unknown}
 l - a potion of invisibility {unknown}
 m - a potion of mutation {unknown}
 n - 2 potions of heal wounds {unknown}
 p - a potion of ambrosia {unknown}
 q - 2 potions of enlightenment
 r - a potion of magic {unknown}
 s - 2 potions of berserk rage {unknown}


   Skills:
 + Level 4.3 Fighting
 + Level 2.0 Maces & Flails
 + Level 4.7 Throwing
 + Level 4.7 Dodging
 - Level 5.1 Unarmed Combat


You had 7 spell levels left.
You didn't know any spells.
Your spell library contained the following spells:

 Spells                   Type           Power      Damage    Failure   Level
 Sandblast                Erth           0%         2d4       50%         1
 Passwall                 Erth           0%         N/A       86%         3
 Stone Arrow              Conj/Erth      0%         3d7       86%         3
 Brom's Barrelling Bould  Conj/Erth      0%         2d3       99%         4


Dungeon Overview and Level Annotations

Branches:
Dungeon (5/15)              Sewer (visited)
 Temple: D:4-7

Altars:
Dithmenos
Kikubaaqudgha
Sif Muna
Trog

Annotations:
D:4 Menkaure, Pikel
D:5 Grinder


Innate Abilities, Weirdness & Mutations

You are too large for most types of armour.
You have claws for hands.
Your natural rate of healing is unusually fast.
You are covered in fur. (AC +1)
You have tough skin. (AC +1)


Message History

The lemure is lightly wounded.
The lemure hits you!
* * * LOW HITPOINT WARNING * * *
You thump the lemure!
The lemures shudder.
The lemure is almost dead.
The lemure is heavily wounded.
You kill the lemure!
That felt strangely unrewarding.
The lemure is almost dead.
The lemure hits you.
* * * LOW HITPOINT WARNING * * *
You hit the lemure but do no damage.
The lemure is almost dead.
The lemure barely misses you.
Unknown command.
You miss the lemure.
The lemure is almost dead.
The lemure closely misses you.
You barely miss the lemure.
The lemure is almost dead.
The lemure hits you.
* * * LOW HITPOINT WARNING * * *
You hit Pikel.
Pikel and the lemures shudder.
Pikel is almost dead.
You kill the lemure!
That felt strangely unrewarding.
The lemure is almost dead.
Pikel is almost dead.
Pikel hits you with a +2 whip of electrocution.
* * * LOW HITPOINT WARNING * * *
You barely miss Pikel.
Pikel is almost dead.
Pikel hits you with a +2 whip of electrocution.
* * * LOW HITPOINT WARNING * * *
You are electrocuted!
* * * LOW HITPOINT WARNING * * *
You hit Pikel but do no damage.
Pikel is almost dead.
Pikel hits you with a +2 whip of electrocution!
You die...
Pikel says, "Another soul for the market."

############.# ..
#.# . ###.# #.#
.. .(.. #.# ...
... #.# #####..
#.# #~~~#..
#†####
#~~~#..#####....#
#..b#.5K@.##....#
#####..##.......#
. .....
#...........
.......
#.......####
####### #......##
#......# #......#
#.###### #.#


You could see Pikel, a lemure and a bat.

Vanquished Creatures
  A sky beast (D:5)
  2 ogres
  3 lemures (D:4)
  4 necrophages (D:4)
  A scorpion (D:4)
  A bullfrog zombie (D:4)
  2 hounds
  A human zombie (D:4)
  2 bombardier beetles (D:5)
  A centaur zombie (D:4)
  2 iguanas (D:5)
  Natasha (twice) (D:4)
  2 orc wizards (D:4)
  A sleepcap (D:4)
  A hell rat (Sewer)
  6 adders
  2 river rats
  2 shadow imps
  A white imp (D:5)
  2 adder zombies (D:4)
  2 adder skeletons (D:4)
  3 dart slugs
  2 ribbon worms
  17 orcs
  7 ball pythons
  6 endoplasms
  2 giant cockroaches
  8 goblins
  5 hobgoblins
  3 jackals (D:2)
  7 kobolds
  3 quokkas
  6 bats
  3 frilled lizards
  14 rats
127 creatures vanquished.

Notes
Turn   | Place    | Note
-------+----------+-------------------------------------------
     0 | D:1      | suse60 the Troll Gladiator began the quest for the Orb.
     0 | D:1      | Reached XP level 1. HP: 19/19 MP: 0/0
   151 | D:1      | Reached XP level 2. HP: 28/28 MP: 1/1
   384 | D:1      | Reached XP level 3. HP: 35/35 MP: 2/2
  1174 | D:2      | Found a faded altar of an unknown god.
  1190 | D:2      | Reached XP level 4. HP: 39/42 MP: 3/3
  1426 | D:3      | Found a glowing drain.
  1459 | Sewer    | Entered a sewer
  1613 | D:3      | Reached XP level 5. HP: 50/50 MP: 4/4
  1859 | D:3      | Reached skill level 4 in Unarmed Combat
  2308 | D:4      | Noticed an ogre
  2315 | D:4      | Killed an ogre
  2316 | D:4      | Reached XP level 6. HP: 42/59 MP: 5/5
  2517 | D:4      | Noticed Natasha
  2517 | D:4      | Noticed Menkaure
  2532 | D:5      | Entered Level 5 of the Dungeon
  2570 | D:5      | Noticed a sky beast
  2593 | D:5      | Killed a sky beast
  2594 | D:5      | Reached XP level 7. HP: 48/67 MP: 6/6
  2664 | D:5      | Found a shadowy altar of Dithmenos.
  2671 | D:5      | Found a shimmering blue altar of Sif Muna.
  2675 | D:5      | Found a bloodstained altar of Trog.
  2958 | D:5      | Reached skill level 5 in Unarmed Combat
  2993 | D:5      | Found the +6 shillelagh "Devastator" {shatter}
  3000 | D:5      | Noticed Grinder
  3106 | D:4      | Found an ancient bone altar of Kikubaaqudgha.
  3122 | D:4      | Reached skill level 1 in Maces & Flails
  3130 | D:4      | Reached XP level 8. HP: 78/78 MP: 7/7
  3191 | D:4      | Killed Natasha
  3204 | D:4      | Noticed Natasha
  3207 | D:4      | Killed Natasha
  3239 | D:4      | Noticed Pikel
  3262 | D:4      | Slain by Pikel

Illustrated notes

Levels and vault maps discovered:
D:1:      amcnicky_arrival_choice, layout_loops_ring
D:2:      layout_basic, dreamdust_ecumenical_altar_grove
D:3:      layout_loops_ring, cheibrodos_sewer_entry_sluice,
          minmay_misc_feat_hallway
D:4:      layout_basic, lemuel_mausoleum_altar_kikubaaqudgha, serial_aquarium,
          aquarium_bridge_straight [aquarium_subvault_bridge,
          aquarium_subvault_wall, aquarium_subvault_bridge,
          aquarium_subvault_balcony], aquarium_window_2, aquarium_window_1,
          aquarium_window_corridor_2, aquarium_view_2c,
          aquarium_balcony_double_3, aquarium_pool_2,
          nicolae_concentric_dashed_squares_wild, uniq_pikel, uniq_natasha,
          uniq_ijyb, uniq_menkaure
D:5:      layout_basic, nicolae_overflow_hidden_temple,
          grunt_temple_overflow_diamond, nicolae_zig_zag_zippers, uniq_grinder

Skill      XL: |  1  2  3  4  5  6  7  8 |
---------------+-------------------------+-----
Throwing       | 2 3 4 |  4.7
Fighting       | 2 3 4 |  4.3
Dodging        | 3 4 |  4.7
Unarmed Combat | 4 5 |  5.1
Maces & Flails | 1 2 |  2.0

Action                     |  1- 3 |  4- 6 |  7- 9 || total
---------------------------+-------+-------+-------++-------
  Melee: Unarmed           |   121 |   142 |    25 ||   288
         Punch             |     1 |     5 |       ||     6
         Shillelagh        |       |       |    43 ||    43
  Throw: Large rock        |       |     9 |     3 ||    12
    Use: Scroll            |     2 |     4 |     3 ||     9
   Stab: Sleeping          |     2 |     1 |     1 ||     4
 Armour: Robe              |    56 |    66 |    34 ||   156
  Dodge: Dodged            |    44 |    35 |    21 ||   100
